 Dungeon Crawl Stone Soup version 0.21.0-24-g2553a33 (webtiles) character file.

668 tidbits the Firebug (level 7, 51/51 HPs)
             Began as a Gnoll Fire Elementalist on Jan 19, 2018.
             Quit the game in the Ecumenical Temple.
             The game lasted 00:10:25 (1354 turns).

tidbits the Firebug (Gnoll Fire Elementalist)       Turns: 1354, Time: 00:10:26

Health: 51/51      AC:  3    Str: 11    XL:     7   Next: 58%
Magic:  15/15      EV: 15    Int: 19    God:
Gold:   116        SH:  0    Dex: 15    Spells: 7/17 levels left

rFire    . . .     SeeInvis +   d - +1 short sword (speed)
rCold    . . .     Gourm    .   (no shield)
rNeg     . . .     Faith    .   a - +0 robe
rPois    .         Spirit   .   (no helmet)
rElec    .         Reflect  .   f - +0 cloak
rCorr    .         Harm     .   (no gloves)
MR       .....                  (no boots)
Stlth    ++++......             (no amulet)
HPRegen  0.17/turn              e - ring of stealth
MPRegen  0.14/turn              u - ring of see invisible

@: no status effects
A: distributed training, fangs 1, strong nose
a: no special abilities


You were in the Ecumenical Temple.
You were very hungry.

You visited 2 branches of the dungeon, and saw 8 of its levels.

You collected 116 gold pieces.

Inventory:

Hand Weapons
 d - a +1 short sword of speed (weapon)
   (You found it on level 1 of the Dungeon)
 q - a +0 hunting sling
 y - a cursed -2 whip
 A - a cursed -1 flail
Missiles
 r - 34 stones (quivered)
Armour
 a - a +0 robe (worn)
 f - a +0 cloak (worn)
 l - a +2 cloak
 z - the cursed +0 chain mail "Vozij" {rElec MR+ Dex+2}
   (You found it on level 4 of the Dungeon)

   It affects your dexterity (+2).
   It insulates you from electricity.
   It affects your resistance to hostile enchantments.
   It has a curse placed upon it.
Jewellery
 e - a ring of stealth (left hand)
   (You found it on level 1 of the Dungeon)
 o - a +2 ring of dexterity
   (You found it on level 2 of the Dungeon)
 u - a ring of see invisible (right hand)
   (You found it on level 3 of the Dungeon)
Wands
 k - a wand of scattershot (5)
Scrolls
 g - a scroll of remove curse {unknown}
 i - a scroll of enchant armour {unknown}
 j - a scroll of fear {unknown}
 n - 5 scrolls of teleportation
 x - a scroll of amnesia
Potions
 h - a potion of heal wounds
 p - a potion of resistance {unknown}
 t - a potion of lignification {unknown}
 v - a potion of agility {unknown}
 w - a potion of cancellation {unknown}
 B - a potion of flight
Books
 b - a book of Flames

   Spells                             Type                      Level
   a - Flame Tongue                   Conjuration/Fire             1
   b - Throw Flame                    Conjuration/Fire             2
   c - Conjure Flame                  Conjuration/Fire             3
   d - Inner Flame                    Hexes/Fire                   3
   e - Sticky Flame                   Conjuration/Fire             4
   f - Fireball                       Conjuration/Fire             5
Comestibles
 c - 3 rations


   Skills:
 + Level 2.5 Fighting
 + Level 2.5 Short Blades
 + Level 2.5 Long Blades
 + Level 2.5 Axes
 + Level 2.5 Maces & Flails
 + Level 2.5 Polearms
 + Level 2.5 Staves
 + Level 2.5 Slings
 + Level 2.5 Bows
 + Level 2.5 Crossbows
 + Level 2.5 Throwing
 + Level 2.5 Armour
 + Level 5.2 Dodging
 + Level 4.9 Stealth
 + Level 2.5 Shields
 + Level 2.5 Unarmed Combat
 + Level 5.6 Spellcasting
 + Level 3.0 Conjurations
 + Level 2.0 Hexes
 + Level 2.0 Charms
 + Level 2.0 Summonings
 + Level 2.0 Necromancy
 + Level 2.0 Translocations
 + Level 2.0 Transmutations
 + Level 5.8 Fire Magic
 + Level 2.0 Ice Magic
 + Level 2.0 Air Magic
 + Level 2.0 Earth Magic
 + Level 2.0 Poison Magic
 + Level 2.8 Invocations
 + Level 2.5 Evocations


You had 7 spell levels left.
You knew the following spells:

 Your Spells              Type           Power        Failure   Level  Hunger
a - Flame Tongue          Conj/Fire      ###..        1%          1    None
c - Conjure Flame         Conj/Fire      ###.....     5%          3    ##.....
f - Throw Flame           Conj/Fire      ###...       2%          2    None
i - Sticky Flame          Conj/Fire      ###.....     19%         4    ####...


Dungeon Overview and Level Annotations

Branches:
Dungeon (7/15)             Temple (1/1) D:7

Altars:
Ashenzari
Dithmenos
Elyvilon
Gozag
Kikubaaqudgha
Makhleb
Nemelex Xobeh
Okawaru
Qazlal
Ru
Trog
Uskayaw
Vehumet
Wu Jian
Xom
Yredelemnul
Zin
The Shining One


Innate Abilities, Weirdness & Mutations

Your experience applies equally to all skills.
You have very sharp teeth.
Your uncanny sense of smell can sniff out nearby items.


Message History

The hound burns!
The hound barely misses you.
You hit the hound.
You kill the hound!
Your Conjurations skill increases to level 3!
A worker ant comes into view.
The worker ant twitches its antennae in your direction.
You hit the kobold.
You kill the kobold!
The kobold closely misses you.
You hit the kobold. You bite the kobold.
The kobold is heavily wounded.
You hit the kobold.
The kobold is severely wounded.
The kobold hits you with a short sword.
Casting: Sticky Flame
Confirm with . or Enter, or press ? or * to list all spells.
Aiming: Sticky Flame
Press: ? - help, Shift-Dir - straight line, f - worker ant
Aim: a worker ant The sticky flame hits the worker ant.
The worker ant appears unharmed.
The worker ant is covered in liquid flames!
You are feeling hungry.
The worker ant burns!
The kobold closely misses you. The worker ant completely misses you.
You hit the worker ant.
The worker ant is heavily wounded.
The worker ant burns!
The worker ant bites you! The kobold misses you.
You hit the worker ant. You bite the worker ant.
The worker ant is almost dead.
The worker ant burns!
You kill the worker ant!
You hit the kobold.
You kill the kobold!
Found a runed cloak.
Found a stone staircase leading down.
Found a staircase to the Ecumenical Temple.
There is a stone staircase leading down here.
A worker ant zombie comes into view.
You see here a runed cloak.
l - a runed cloak
Found a ration.
Casting: Sticky Flame
Confirm with . or Enter, or press ? or * to list all spells.
Aiming: Sticky Flame
Press: ? - help, Shift-Dir - straight line, f - worker ant zombie
Aim: a worker ant zombie The sticky flame hits the worker ant zombie.
The worker ant zombie is lightly damaged.
The worker ant zombie is covered in liquid flames!
The worker ant zombie burns!
The worker ant zombie bites you but does no damage.
You hit the worker ant zombie but do no damage.
The worker ant zombie is moderately damaged.
The worker ant zombie burns!
You hit the worker ant zombie.
You bite the worker ant zombie, but do no damage.
The worker ant zombie is almost destroyed.
The worker ant zombie burns!
You destroy the worker ant zombie!
A quokka comes into view.
The big kobold shouts!
There is a staircase to the Ecumenical Temple here.
You climb downwards.
Welcome to the Ecumenical Temple!
There is a staircase back to the Dungeon here.
Unknown command.
You open the door.
Found a radiant altar of Vehumet.
You open the door.
Found an iron altar of Okawaru.
You open the door.
Found a burning altar of Makhleb.
Found a sparkling altar of Nemelex Xobeh.
There is an open door here.
You open the door.
There is an open door here.
You open the door.
Found an ornate altar of the Wu Jian Council.
You open the door.
Found a shimmering altar of Xom.
There is an open door here.
Found a hide-covered altar of Uskayaw.
Found a glowing golden altar of the Shining One.
You open the door.
Found a white marble altar of Elyvilon.
Found a sacrificial altar of Ru.
You open the door.
Found a basalt altar of Yredelemnul.
There is an open door here.
You are feeling very hungry.
You open the door.
Found an ancient bone altar of Kikubaaqudgha.
Found a bloodstained altar of Trog.
There is an open door here.
You open the door.
There is an open door here.
You open the door.
Found a shadowy altar of Dithmenos.
You open the door.
Found an opulent altar of Gozag.
There is an open door here.
Are you sure you want to abandon this character and quit the game? (Confirm with "yes".)

.####...####.....##...#
## #...# ##'....##'##
...#.._..#...#........#
._.##...##._ ##.......#
....#...#.# #.......#
##..##.## # #......##
.#### ###.###....##
...# #.....##..#.# _...
..._...@.#...# ...#
#.....##..#.## .###
####.###....## # #
#..## #......##
#.#...#.... #.......#
_.##...##._.##.......#
...#.._.. ..#........#
## #...# ##'....#####
.####...####.....##...#


There were no monsters in sight!

Vanquished Creatures
  2 ogres
  A phantom (D:5)
  A crocodile (D:6)
  A howler monkey (D:5)
  3 hounds
  Ijyb (D:5)
  3 worker ants
  A worker ant zombie (D:7)
  3 adders
  A shadow imp (D:7)
  2 oozes
  2 worms
  3 dart slugs
  3 leopard geckos
  2 orcs
  2 giant cockroaches
  3 goblins (D:3)
  4 jackals
  4 kobolds
  4 quokkas
  A bat (D:1)
  3 frilled lizards
  6 rats
56 creatures vanquished.

Vanquished Creatures (others)
  2 plants (D:3)
2 creatures vanquished.

Grand Total: 58 creatures vanquished

Notes
Turn   | Place    | Note
-------+----------+-------------------------------------------
     0 | D:1      | tidbits the Gnoll Fire Elementalist began the quest for the Orb.
     0 | D:1      | Reached XP level 1. HP: 13/13 MP: 6/6
    20 | D:1      | Reached skill level 2 in Conjurations
    99 | D:1      | Reached XP level 2. HP: 17/19 MP: 5/7
   240 | D:2      | Reached XP level 3. HP: 14/25 MP: 6/9
   246 | D:2      | Reached skill level 5 in Spellcasting
   424 | D:3      | Reached skill level 1 in Invocations
   529 | D:3      | Found a shattered altar of Ashenzari.
   534 | D:3      | Saw a vision of the Swamp and the Snake Pit.
   534 | D:3      | Noticed a bullfrog
   534 | D:3      | Noticed an alligator
   534 | D:3      | Noticed an alligator
   534 | D:3      | Noticed a black mamba
   534 | D:3      | Noticed a naga
   534 | D:3      | Noticed a naga
   534 | D:3      | Noticed a hornet
   534 | D:3      | Noticed a naga mage
   534 | D:3      | Noticed a naga mage
   534 | D:3      | Noticed a bullfrog
   535 | D:3      | Noticed an alligator
   535 | D:3      | Noticed a mana viper
   535 | D:3      | Noticed a naga
   535 | D:3      | Noticed a naga mage
   535 | D:3      | Noticed a black mamba
   535 | D:3      | Noticed a naga mage
   536 | D:3      | Noticed a water moccasin
   579 | D:3      | Found a glowing silver altar of Zin.
   622 | D:2      | Found a stormy altar of Qazlal.
   647 | D:3      | Reached skill level 1 in Fighting
   647 | D:3      | Reached skill level 1 in Short Blades
   647 | D:3      | Reached skill level 1 in Long Blades
   647 | D:3      | Reached skill level 1 in Axes
   647 | D:3      | Reached skill level 1 in Maces & Flails
   647 | D:3      | Reached skill level 1 in Polearms
   647 | D:3      | Reached skill level 1 in Staves
   647 | D:3      | Reached skill level 1 in Slings
   647 | D:3      | Reached skill level 1 in Bows
   647 | D:3      | Reached skill level 1 in Crossbows
   647 | D:3      | Reached skill level 1 in Throwing
   647 | D:3      | Reached skill level 1 in Armour
   647 | D:3      | Reached skill level 1 in Shields
   647 | D:3      | Reached skill level 1 in Unarmed Combat
   647 | D:3      | Reached skill level 1 in Evocations
   649 | D:3      | Noticed an ogre
   658 | D:3      | Killed an ogre
   658 | D:3      | Reached skill level 1 in Hexes
   658 | D:3      | Reached skill level 1 in Charms
   658 | D:3      | Reached skill level 1 in Summonings
   658 | D:3      | Reached skill level 1 in Necromancy
   658 | D:3      | Reached skill level 1 in Translocations
   658 | D:3      | Reached skill level 1 in Transmutations
   658 | D:3      | Reached skill level 1 in Ice Magic
   658 | D:3      | Reached skill level 1 in Air Magic
   658 | D:3      | Reached skill level 1 in Earth Magic
   658 | D:3      | Reached skill level 1 in Poison Magic
   658 | D:3      | Reached XP level 4. HP: 23/32 MP: 2/11
   658 | D:3      | Reached XP level 5. HP: 27/37 MP: 2/12
   774 | D:4      | Noticed an ogre
   779 | D:4      | Learned a level 2 spell: Throw Flame
   783 | D:4      | Learned a level 3 spell: Conjure Flame
   788 | D:4      | Learned a level 4 spell: Sticky Flame
   792 | D:4      | Killed an ogre
   792 | D:4      | Reached XP level 6. HP: 44/44 MP: 6/13
   807 | D:4      | Reached skill level 2 in Invocations
   850 | D:5      | Entered Level 5 of the Dungeon
   883 | D:5      | Noticed a phantom
   895 | D:5      | Killed a phantom
   895 | D:5      | Reached skill level 2 in Fighting
   895 | D:5      | Reached skill level 2 in Short Blades
   895 | D:5      | Reached skill level 2 in Long Blades
   895 | D:5      | Reached skill level 2 in Axes
   895 | D:5      | Reached skill level 2 in Maces & Flails
   895 | D:5      | Reached skill level 2 in Polearms
   895 | D:5      | Reached skill level 2 in Staves
   895 | D:5      | Reached skill level 2 in Slings
   895 | D:5      | Reached skill level 2 in Bows
   895 | D:5      | Reached skill level 2 in Crossbows
   895 | D:5      | Reached skill level 2 in Throwing
   895 | D:5      | Reached skill level 2 in Armour
   895 | D:5      | Reached skill level 5 in Dodging
   895 | D:5      | Reached skill level 2 in Shields
   895 | D:5      | Reached skill level 2 in Unarmed Combat
   895 | D:5      | Reached skill level 2 in Evocations
   973 | D:5      | Noticed Ijyb
   998 | D:5      | Killed Ijyb
   998 | D:5      | Reached XP level 7. HP: 19/50 MP: 0/15
  1023 | D:4      | Got a crude chain mail
  1132 | D:7      | Identified the cursed +0 chain mail "Vozij" {rElec MR+ Dex+2} (You found it on level 4 of the Dungeon)
  1154 | D:7      | Reached skill level 2 in Hexes
  1154 | D:7      | Reached skill level 2 in Charms
  1154 | D:7      | Reached skill level 2 in Summonings
  1154 | D:7      | Reached skill level 2 in Necromancy
  1154 | D:7      | Reached skill level 2 in Translocations
  1154 | D:7      | Reached skill level 2 in Transmutations
  1154 | D:7      | Reached skill level 2 in Ice Magic
  1154 | D:7      | Reached skill level 2 in Air Magic
  1154 | D:7      | Reached skill level 2 in Earth Magic
  1154 | D:7      | Reached skill level 2 in Poison Magic
  1227 | D:7      | Reached skill level 3 in Conjurations
  1239 | D:7      | Found a staircase to the Ecumenical Temple.
  1255 | Temple   | Entered the Ecumenical Temple
  1354 | Temple   | Quit the game

Skill      XL: |  1  2  3  4  5  6  7 |
---------------+----------------------+-----
Conjurations   | 2 3 |  3.0
Spellcasting   | 5 |  5.6
Invocations    | 1 2 |  2.8
Fighting       | 1 2 |  2.5
Short Blades   | 1 2 |  2.5
Long Blades    | 1 2 |  2.5
Axes           | 1 2 |  2.5
Maces & Flails | 1 2 |  2.5
Polearms       | 1 2 |  2.5
Staves         | 1 2 |  2.5
Slings         | 1 2 |  2.5
Bows           | 1 2 |  2.5
Crossbows      | 1 2 |  2.5
Throwing       | 1 2 |  2.5
Armour         | 1 2 |  2.5
Shields        | 1 2 |  2.5
Unarmed Combat | 1 2 |  2.5
Evocations     | 1 2 |  2.5
Hexes          | 1 2 |  2.0
Charms         | 1 2 |  2.0
Summonings     | 1 2 |  2.0
Necromancy     | 1 2 |  2.0
Translocations | 1 2 |  2.0
Transmutations | 1 2 |  2.0
Ice Magic      | 1 2 |  2.0
Air Magic      | 1 2 |  2.0
Earth Magic    | 1 2 |  2.0
Poison Magic   | 1 2 |  2.0
Dodging        | 5 |  5.2
Stealth        | |  4.9
Fire Magic     | |  5.8

Action                   |  1- 3 |  4- 6 |  7- 9 || total
-------------------------+-------+-------+-------++-------
Melee: Short sword       |    41 |    29 |    35 ||   105
       Bite              |     2 |     1 |     7 ||    10
       Punch             |       |     1 |     1 ||     2
 Cast: Flame Tongue      |    39 |    36 |    13 ||    88
       Throw Flame       |       |     2 |       ||     2
       Sticky Flame      |       |     1 |     4 ||     5
  Use: Potion            |       |     2 |     1 ||     3
       Scroll            |       |     1 |     6 ||     7
 Stab: Sleeping          |     6 |     3 |     1 ||    10
  Eat: Chunk             |       |       |     1 ||     1
Armor: Robe              |     8 |     7 |     4 ||    19
Dodge: Dodged            |    30 |    29 |    23 ||    82

Table legend:
 A = Turns spent in this place as a percentage of turns spent in the entire game.
 B = Non-inter-level travel turns spent in this place as a percentage of non-inter-level travel turns spent in the entire game.
 C = Inter-level travel turns spent in this place as a percentage of turns spent in this place.
 D = Turns resting spent in this place as a percentage of non-inter-level travel turns spent in this place.
 E = Turns spent auto-exploring this place as a percentage of non-inter-level travel turns spent in this place.
 F = Non-inter-level travel turns spent in this place divided by the number of levels of this place that you've seen.
                   A       B       C       D       E      F
               +-------+-------+-------+-------+-------+----------------------
         Total | 100.0 | 100.0 |   0.8 |   0.0 |   0.0 | 167.9
       Dungeon |  92.7 |  92.6 |   0.9 |   0.0 |   0.0 | 177.7
        Temple |   7.3 |   7.4 |   0.0 |   0.0 |   0.0 |  99.0
               +-------+-------+-------+-------+-------+----------------------

Table legend:
 A = Kills in this place as a percentage of kills in entire the game.
 B = Kills by you in this place as a percentage of kills by you in the entire game.
 C = Kills by friends in this place as a percentage of kills by friends in the entire game.
 D = Other kills in this place as a percentage of other kills in the entire game.
 E = Experience gained in this place as a percentage of experience gained in the entire game.
 F = Experience gained in this place divided by the number of levels of this place that you have seen.
                   A       B       C       D       E      F
               +-------+-------+-------+-------+-------+----------------------
         Total | 100.0 | 100.0 |   N/A |   N/A | 100.0 | 119.4
       Dungeon | 100.0 | 100.0 |   N/A |   N/A | 100.0 | 136.4
               +-------+-------+-------+-------+-------+----------------------

Vault maps used:
D:1:      shiori_arrival_oz
D:2:      grunt_qazlal_sundering, uniq_robin
D:3:      grunt_temple_overflow_open, zin_scriptorium, first_ration,
          grunt_ashenzari_visionary
D:4:      serial_curves, eino_curves_03, eino_curves_01, uniq_menkaure
D:5:      uniq_ijyb
D:6:      hangedman_decor_riveting, eino_small_chamber_without_monster,
          tso_altar
D:7:      minmay_temple_entry_glass
Temple:   regret_index_temple_generic_petals
